 Dungeon Sprint DCSS version 0.29-a0-90-gc37658a0fe (webtiles) character file.

Game seed: 17995903222284405568

13367 mhtbhm the Fencer (level 11, -2/116 HPs)
             Began as a Black Draconian Berserker on Feb 6, 2022.
             Was the Champion of Trog.
             Slain by an unseen horror (8 damage)
             ... in the Dungeon (Sprint VII: "The Pits").
             The game lasted 00:06:11 (3448 turns).

mhtbhm the Fencer (Black Draconian Berserker)       Turns: 3448, Time: 00:06:12

Health: -2/116     AC:  9    Str: 24    XL:     11   Next: 74%
Magic:  11/11      EV: 17    Int:  7    God:    Trog [******]
Gold:   0          SH:  0    Dex: 11    Spells: 10/10 levels left

rFire   . . .      SeeInvis .   a - +3 great sword (vorpal)
rCold   . . .      Faith    .   (shield currently unavailable)
rNeg    . . .      Spirit   .   (armour unavailable)
rPois   .          Reflect  .   (helmet restricted)
rElec   +          Harm     .   r - +0 cloak
rCorr   .          Rampage  .   q - +0 pair of gloves
Will    ++...      NoTele   +   (no boots)
Stlth   +++.......              (no amulet)
HPRegen 1.29/turn               (no ring)
MPRegen 0.12/turn               (no ring)

@: strong-willed, regenerating, slowed, very slow
A: breathe lightning, AC +7, unfitting armour, electricity resistance,
cold-blooded
a: Breathe Lightning, Renounce Religion, Berserk, Trog's Hand, Brothers in Arms


You were in the Dungeon.
You worshipped Trog.
Trog was exalted by your worship.
You visited 1 branch

Inventory:

Hand Weapons
 a - a +3 vorpal great sword (weapon)
 d - a +3 triple sword of flaming
 k - a +1 long sword of holy wrath
Missiles
 j - a poisoned dart (quivered)
Armour
 q - a +0 pair of gloves (worn)
 r - a +0 cloak (worn)
Jewellery
 l - a +3 ring of evasion
 m - a +3 ring of dexterity
Potions
 b - 3 potions of curing
 e - 4 potions of magic
 f - 3 potions of berserk rage
 h - 2 potions of invisibility
 n - 3 potions of might
 o - a potion of haste
 p - 2 potions of resistance
 s - a potion of mutation


   Skills:
 + Level 16.9 Fighting
 + Level 19.9 Long Blades
 + Level 1.9 Throwing
 + Level 14.2 Dodging
 + Level 5.4 Stealth


You had 10 spell levels left.
You didn't know any spells.
Your spell library was empty.

Dungeon Overview and Level Annotations

Branches:
Dungeon (1/1)

Altars:
Gozag
Hepliaklqana
Sif Muna
Trog
Jiyva


Innate Abilities, Weirdness & Mutations

You can breathe wild blasts of lightning.
Your glossy black scales are hard. (AC +7)
You cannot fit into any form of body armour.
You are resistant to electric shocks. (rElec)
You are cold-blooded and may be slowed by cold attacks.


Message History

Something hits your cyclops but does no damage.
Your cyclops hits something but does no damage.
Unknown command.
Unknown command.
You feel better. Something hits your cyclops! Something hits your iron troll.
Unknown command.
Something hits your cyclops.
Your cyclops is no longer berserk.
Something hits your cyclops but does no damage.
Something barely misses your cyclops.
Something hits your cyclops but does no damage.
Your iron troll rages.
Unknown command.
Something hits your cyclops!
Your cyclops disappears in a puff of smoke!
Something hits you but does no damage. Something barely misses you.
Your iron troll rages.
Unknown command.
Something hits you!
* * * LOW HITPOINT WARNING * * *
Something hits you but does no damage.
Your iron troll rages.
You miss something. Something hits you.
* * * LOW HITPOINT WARNING * * *
You miss something. Something hits you!
* * * LOW HITPOINT WARNING * * *
Unknown command.
Something hits you.
* * * LOW HITPOINT WARNING * * *
Something hits your iron troll but does no damage.
Something barely misses you.
Okay, then.
Your skin crawls.
You feel strong-willed.
You recover from your berserk rage.
Something hits you but does no damage.
Unknown command.
Something barely misses your iron troll.
Something hits you!
You die...

#......##..# #..#
.......''..# #..#
.......''..##########..#
#......##..........)...#
.......##.).........÷..#
''###################### ''#
######## ##### ## ..#
#.÷.)..###...## ... ..#
#..#'#......@T.## #..M
..##..##)##.....#...# #....
..##.##.).##...###..# #.....
..####.....##.##.##.###......
...##).....#...#.#...#.......
....')[....'...'.'.))).......
...##......#...#.#...#.......
..####...†.##.##.##.###......
..##.##...##...###..# #.....


You could see a friendly iron troll (summoned, berserk).

Vanquished Creatures
  Gastronok (D)
  A merfolk javelineer (D)
  A hydra (D)
  A death yak (D)
  A lindwurm (D)
  A black mamba (D)
  A smoke demon (D)
  A demonic crawler (D)
  An unseen horror (D)
  A rime drake (D)
  A freezing wraith (D)
  2 efreet (D)
  An ice devil (D)
  A merfolk (D)
  A polar bear (D)
  A tarantella (D)
  Prince Ribbit (D)
  3 slime creatures (D)
  4 dream sheep (D)
  A shadow (D)
  A wyvern (D)
  Eustachio (D)
  4 vampire mosquitoes (D)
  A steam dragon (D)
  Menkaure (D)
  An ice beast (D)
  An ogre (D)
  A kobold brigand (D)
  2 scorpions (D)
  2 gnoll shamans (D)
  An iron imp (D)
  An iguana (D)
  A mummy (D)
  4 gnolls (D)
  An adder (D)
  4 river rats (D)
  2 white imps (D)
  A worm (D)
  6 jackals (D)
  2 quokkas (D)
  2 ball pythons (D)
  A bat (D)
  A frilled lizard (D)
68 creatures vanquished.

Vanquished Creatures (collateral kills)
  An emperor scorpion (D)
  A spriggan (D)
  A bog body (D)
  An ugly thing (D)
  A cane toad (D)
  A guardian mummy (D)
  2 merfolk (D)
  A hornet (D)
  A slime creature (D)
  2 steam dragons (D)
  A phantom (D)
  A hound (D)
  A gnoll (D)
  An endoplasm (D)
16 creatures vanquished.

Grand Total: 84 creatures vanquished

Notes
Turn   | Place    | Note
-------+----------+-------------------------------------------
     0 | D        | mhtbhm the Draconian Berserker began the quest for the Orb.
     0 | D        | Reached XP level 1. HP: 19/19 MP: 1/1
    12 | D        | Noticed a scorpion
    26 | D        | Killed a scorpion
    27 | D        | Reached skill level 5 in Fighting
    27 | D        | Reached skill level 5 in Long Blades
    27 | D        | Reached XP level 2. HP: 26/30 MP: 2/2
    27 | D        | Reached XP level 3. HP: 32/37 MP: 3/3
   263 | D        | Reached ** piety under Trog
   277 | D        | Reached XP level 4. HP: 41/44 MP: 4/4
   278 | D        | Noticed a scorpion
   284 | D        | Killed a scorpion
   285 | D        | Reached skill level 6 in Long Blades
   285 | D        | Reached skill level 5 in Dodging
   444 | D        | Noticed a kobold brigand
   447 | D        | Reached *** piety under Trog
   455 | D        | Killed a kobold brigand
   456 | D        | Reached skill level 7 in Long Blades
   456 | D        | Reached XP level 5. HP: 48/53 MP: 5/5
   467 | D        | Reached **** piety under Trog
   532 | D        | Found a bloodstained altar of Trog.
   532 | D        | Found a shimmering blue altar of Sif Muna.
   532 | D        | Found a viscous altar of Jiyva.
   532 | D        | Found a hazy altar of Hepliaklqana.
   532 | D        | Found an opulent altar of Gozag.
   571 | D        | Reached skill level 8 in Long Blades
   647 | D        | Reached ***** piety under Trog
   648 | D        | Reached XP level 6. HP: 49/61 MP: 6/6
   709 | D        | Noticed an ice beast
   713 | D        | Killed an ice beast
   714 | D        | Reached skill level 9 in Long Blades
  1008 | D        | Noticed an efreet
  1013 | D        | Killed an efreet
  1014 | D        | Reached skill level 11 in Long Blades
  1014 | D        | Reached skill level 1 in Stealth
  1014 | D        | Your scales start taking on a glossy black colour.
  1014 | D        | Reached XP level 7. HP: 71/71 MP: 7/7
  1014 | D        | Gained mutation: You are resistant to electric shocks.
                  | (rElec) [Black Draconian growth]
  1068 | D        | Noticed Prince Ribbit
  1070 | D        | Reached skill level 10 in Fighting
  1328 | D        | Killed Prince Ribbit
  1328 | D        | Received a gift from Trog
  1473 | D        | Noticed Menkaure
  1473 | D        | Noticed a demonic crawler
  1473 | D        | Noticed a death yak
  1484 | D        | Killed Menkaure
  1485 | D        | Reached XP level 8. HP: 80/80 MP: 8/8
  1500 | D        | Killed a death yak
  1501 | D        | Reached skill level 13 in Long Blades
  1501 | D        | Reached skill level 10 in Dodging
  1508 | D        | Killed a demonic crawler
  1509 | D        | Reached skill level 1 in Throwing
  1722 | D        | Noticed Eustachio
  1723 | D        | Noticed an ice devil
  1735 | D        | Killed an ice devil
  1736 | D        | Reached skill level 14 in Long Blades
  1736 | D        | Reached XP level 9. HP: 74/89 MP: 9/9
  1743 | D        | Killed Eustachio
  1743 | D        | Reached ****** piety under Trog
  1913 | D        | Noticed a lindwurm
  1913 | D        | Noticed an emperor scorpion
  1923 | D        | Killed an emperor scorpion
  1924 | D        | Reached skill level 15 in Long Blades
  1927 | D        | Killed a lindwurm
  1927 | D        | Received a gift from Trog
  2246 | D        | Noticed a freezing wraith
  2257 | D        | Killed a freezing wraith
  2258 | D        | Reached skill level 16 in Long Blades
  2258 | D        | Reached XP level 10. HP: 52/101 MP: 10/10
  2497 | D        | Noticed a black mamba
  2497 | D        | Noticed Gastronok
  2504 | D        | Killed a black mamba
  2533 | D        | Killed Gastronok
  2534 | D        | Reached skill level 17 in Long Blades
  2693 | D        | Noticed a five-headed hydra
  2696 | D        | Noticed a smoke demon
  2704 | D        | Killed a two-headed hydra
  2707 | D        | Received a gift from Trog
  2712 | D        | Killed a smoke demon
  2812 | D        | Received a gift from Trog
  2813 | D        | Reached XP level 11. HP: 86/111 MP: 11/11
  2821 | D        | Reached skill level 15 in Fighting
  2821 | D        | Reached skill level 18 in Long Blades
  2887 | D        | Noticed a merfolk javelineer
  2925 | D        | Killed a merfolk javelineer
  3287 | D        | Received a gift from Trog
  3356 | D        | Reached skill level 5 in Stealth
  3367 | D        | Received a gift from Trog
  3384 | D        | Reached skill level 19 in Long Blades
  3403 | D        | Noticed a bog body
  3409 | D        | Noticed a cyan ugly thing
  3415 | D        | Noticed a spriggan rider
  3417 | D        | Killed a bog body
  3427 | D        | Received a gift from Trog
  3430 | D        | HP: 4/115 [spriggan rider (12)]
  3431 | D        | Killed a spriggan rider
  3432 | D        | Killed a cyan ugly thing
  3444 | D        | HP: 3/116 [something (8)]
  3445 | D        | HP: 1/116 [something (2)]
  3448 | D        | Slain by an unseen horror

Illustrated notes

Levels and vault maps discovered:
D:        pitsprint [storerooms_1, entrance_room_1, metal_vault_3, armoury_2,
          mini_pit_1, grid_room_1, main_hall_1, silver_pit, the_coven_1,
          the_vestibule_1, steel_vault_4, golden_pit, hallway_of_sentries,
          crystal_vault_1, iron_vault_1, final_vault]

Skill      XL: |  1  2  3  4  5  6  7  8  9 10 11 |
---------------+----------------------------------+-----
Fighting       | 5 6 7 8 9 10 11 13 14 16 | 16.9
Long Blades    | 5 7 8 11 14 16 17 19 | 19.9
Dodging        | 4 6 7 8 9 10 11 13 14 | 14.2
Stealth        | 1 2 3 4 5 |  5.4
Throwing       | 1 |  1.9

Action                   |  1- 3 |  4- 6 |  7- 9 | 10-12 || total
-------------------------+-------+-------+-------+-------++-------
Melee: Falchion          |    26 |    58 |       |       ||    84
       Tailslap          |     1 |     6 |    10 |    19 ||    36
       Scimitar          |       |       |    78 |    50 ||   128
       Great sword       |       |       |       |    64 ||    64
       Punch             |       |       |       |     1 ||     1
Throw: Dart              |       |     2 |       |       ||     2
Invok: Berserk           |     1 |     3 |     4 |     4 ||    12
       Brothers in Arms  |       |       |     1 |     3 ||     4
       Trog's Hand       |       |       |       |     1 ||     1
 Abil: Breathe Lightning |       |       |     3 |     1 ||     4
  Use: Potion            |       |     1 |     3 |     9 ||    13
       Scroll            |       |       |       |     2 ||     2
 Stab: Sleeping          |       |     1 |       |     1 ||     2
Armor: Skin              |     7 |    11 |    17 |    37 ||    72
Dodge: Dodged            |    18 |    26 |    38 |    74 ||   156

Table legend: (Time is in decaauts)
 A = Elapsed time spent in this place.
 B = Non-inter-level travel time spent in this place.
 C = Inter-level travel time spent in this place.
 D = Time resting spent in this place.
 E = Time spent auto-exploring this place.
 F = Levels seen in this place.
 G = Mean time per level.
                   A        B        C        D        E       F      G
               +--------+--------+--------+--------+--------+-----+--------+
         Total |   3548 |   3548 |      0 |   2569 |     44 |   1 | 3548.0 |
       Dungeon |   3548 |   3548 |      0 |   2569 |     44 |   1 | 3548.0 |
               +--------+--------+--------+--------+--------+-----+--------+

Top non-repeatable levels by time:
       D: 3548 daAuts
